 Dungeon Crawl Stone Soup version 0.30.1-9-gdf580d7c3d (webtiles) character file.

Game seed: 1119143120198146855

44 croobank the Covert (level 3, -7/26 HPs)
             Began as an Octopode Delver on Sept 26, 2023.
             Was an Initiate of Makhleb.
             Mangled by an orc
             ... wielding a +0 mace
              (8 damage)
             ... on level 5 of the Dungeon.
             The game lasted 00:02:32 (194 turns).

croobank the Covert (Octopode Delver)                Turns: 194, Time: 00:02:32

Health: -7/26      AC:  1    Str: 11    XL:     3   Next: 60%
Magic:  3/3        EV: 13    Int: 14    God:    Makhleb [......]
Gold:   37         SH:  0    Dex: 13    Spells: 2/2 levels left

rFire   . . .        a - +0 short sword
rCold   . . .        (no shield)
rNeg    . . .        (helmet restricted)
rPois   .            (no amulet)
rElec   .            (no ring)
rCorr   .            (no ring)
SInv    .            (no ring)
Will    .....        (no ring)
Stlth   +++++        (no ring)
HPRegen 0.24/turn    (no ring)
MPRegen 0.08/turn    (no ring)
                     (no ring)

%: no passive effects
@: hasted, very quick
A: almost no armour, amphibious, 8 rings, camouflage 1, gelatinous body 1,
(nimble swimmer 1), tentacles
a: Renounce Religion


You were on level 5 of the Dungeon.
You worshipped Makhleb.
Makhleb was noncommittal.
You visited 1 branch of the dungeon, and saw 2 of its levels.

You collected 37 gold pieces.

Inventory:

Hand Weapons
 a - a +0 short sword (weapon)
 i - a +0 falchion
Missiles
 h - 5 poisoned darts (quivered)
Wands
 d - a wand of flame (11)
 f - a wand of digging (3)
Scrolls
 b - a scroll of fog
 c - a scroll of magic mapping
 g - a scroll of identify {unknown}
Potions
 j - a potion of curing {unknown}


   Skills:
 + Level 3.0 Fighting
 + Level 2.0 Short Blades
 + Level 2.0 Dodging
 + Level 8.0 Stealth


You had 2 spell levels left.
You didn't know any spells.
Your spell library contained the following spells:

 Spells                   Type           Power      Damage    Failure   Level
 Poisonous Vapours        Pois/Air       0%         N/A       41%         2
 Frozen Ramparts          Ice            0%         1d1       65%         3
 Ice Form                 Ice/Tmut       0%         N/A       96%         4
 Summon Ice Beast         Ice/Summ       0%         N/A       96%         4
 Summon Lightning Spire   Summ/Air       0%         N/A       96%         4
 Monstrous Menagerie      Summ           0%         N/A       100%        7
 Summon Hydra             Summ           0%         N/A       100%        7


Dungeon Overview and Level Annotations

Branches:
Dungeon (6/15)
 Temple: D:4-7

Altars:
Makhleb


Innate Abilities, Weirdness & Mutations

You cannot wear most types of armour.
You are amphibious.
You can wear up to eight rings at the same time.
Your skin changes colour to match your surroundings (Stealth+).
Your rubbery body absorbs attacks. (AC +1, EV +1)
((You are camouflaged when in or above water. (Stealth+)))
You have tentacles for arms and can constrict up to eight enemies at once.


Message History

The orc misses you.
An orc comes into view. It is wielding a +0 short sword.
You hit the orc. You squeeze the orc.
You kill the orc!
Makhleb accepts your kill. The adder closely misses you.
Items here: ) = [ †.
You hit the adder. You grab the adder.
The adder is heavily wounded.
You constrict the adder. The adder closely misses you.
You hit the adder. You squeeze the adder.
You kill the adder!
Makhleb accepts your kill.
An orc comes into view. It is wielding a +0 flail.
The orc hits you with a +0 mace.
Items here: ) = [ ††.
The orc shouts!
You hit the orc but do no damage. You grab the orc.
You squeeze the orc, but do no damage. You constrict the orc.
You hear a shout!
The orc misses you. The orc hits you with a +0 mace.
You hit the orc but do no damage. You grab the orc. You constrict the orc.
You constrict the orc, but do no damage.
The orc misses you. The orc closely misses you.
You barely miss the orc. Your grab misses the orc. You constrict the orc.
You constrict the orc, but do no damage.
The orc hits you with a +0 short sword. The orc hits you with a +0 mace. x2
You closely miss the orc. You grab the orc. You constrict the orc.
You constrict the orc, but do no damage.
You constrict the orc. The orc hits you with a +0 short sword.
The orc hits you with a +0 mace.
* * * LOW HITPOINT WARNING * * *
The orc closely misses you.
You feel yourself speed up.
You constrict the orc.
You kill the orc!
Makhleb accepts your kill.
You constrict the orc. x2; The orc hits you with a +0 short sword.
* * * LOW HITPOINT WARNING * * *
The orc hits you with a +0 mace!
You die...

.........# ##. .?.......#
##########..
.........######..........#
...<.....##.....##########
............#####
#.......##### .........#
...<....o####
..o.....o@..###
........o#....#
.........#....#
#.......##.##...#
#..........# ...#
#........... #..
..####..### # . .#


You could see 4 orcs.

Vanquished Creatures
  An orc priest (D:5)
  An adder (D:5)
  4 orcs (D:5)
6 creatures vanquished.

Notes
Turn   | Place    | Note
-------+----------+-------------------------------------------
     0 | D:5      | croobank the Octopode Delver began the quest for the Orb.
     0 | D:5      | Reached XP level 1. HP: 16/16 MP: 1/1
    33 | D:6      | Found a burning altar of Makhleb.
    52 | D:6      | Became a worshipper of Makhleb the Destroyer
    74 | D:6      | Got the Atlas of the Familiar Stinger
   100 | D:6      | Noticed a scorpion
   135 | D:5      | Noticed an orc priest
   141 | D:5      | Killed an orc priest
   142 | D:5      | Reached skill level 7 in Stealth
   142 | D:5      | Reached XP level 2. HP: 21/21 MP: 2/2
   142 | D:5      | Reached XP level 3. HP: 26/26 MP: 3/3
   146 | D:5      | Reached skill level 8 in Stealth
   194 | D:5      | HP: 1/26 [orc/+0 short sword (4)]
   194 | D:5      | Mangled by an orc

Illustrated notes

Levels and vault maps discovered:
D:5:      layout_rooms, dk_rats_in_the_wall
D:6:      layout_rooms, old_standard_altar, minmay_manual_mail

Skill      XL: |  1  2  3 |
---------------+----------+-----
Stealth        | 7 8 |  8.0
Fighting       | |  3.0
Short Blades   | |  2.0
Dodging        | |  2.0

Action                     || total
---------------------------++-------
  Melee: Short sword       ||    15
         Constrict         ||     6
         Tentacles         ||     4
    Use: Scroll            ||     1
         Potion            ||     1
   Stab: Sleeping          ||     2
  Dodge: Dodged            ||    11
